 Dungeon Crawl Stone Soup version 0.30-a0-50-gb2d611f6b1 (webtiles) character file.

Game seed: 11889611775122867263

1036 jlumianski the Chopper (level 8, -9/60 HPs)
             Began as a Demonspawn Gladiator on Sept 2, 2022.
             Mangled by an ogre
             ... wielding a +0 giant spiked club
              (15 damage)
             ... on level 5 of the Dungeon on Sept 3, 2022.
             The game lasted 00:20:44 (4663 turns).

jlumianski the Chopper (Demonspawn Gladiator)       Turns: 4663, Time: 00:20:45

Health: -9/60      AC: 17    Str: 17    XL:     8   Next: 3%
Magic:  8/8        EV:  6    Int: 10    God:
Gold:   225        SH:  0    Dex: 14    Spells: 7/7 levels left

rFire   . . .      SeeInvis .    E - +2 war axe (venom)
rCold   . . .      Faith    .    (no shield)
rNeg    . . .      Spirit   .    v - +0 plate armour
rPois   .          Reflect  .    r - +2 helmet
rElec   .          Harm     .    u - +0 cloak
rCorr   .          Rampage  .    (no gloves)
Will    +....                    (no boots)
Stlth   ..........               (no amulet)
HPRegen 0.20/turn                w - ring of willpower
MPRegen 0.11/turn                F - +4 ring of slaying

@: no status effects
A: claws 1, foul stench 2, sharp scales 1
a: no special abilities


You were on level 5 of the Dungeon.
You visited 1 branch of the dungeon, and saw 5 of its levels.

You collected 225 gold pieces.

Inventory:

Hand Weapons
 a - a +0 war axe
 g - a +3 arbalest of freezing
 j - a +2 vampiric hand axe
 q - the +5 spear "Bogamneu" {flame, rC+ Int+2 Stlth+}
   (You found it on level 2 of the Dungeon)

   It burns those it strikes, dealing additional fire damage.
   Int:       It affects your intelligence (+2).
   rC:        It protects you from cold.
   Stlth:     It makes you more stealthy.
 E - a +2 war axe of venom (weapon)
 H - a +2 quarterstaff of chaos
Missiles
 d - 5 throwing nets
 e - a javelin
 f - 20 stones
 t - 5 boomerangs (quivered)
 x - 14 poisoned darts
 z - 4 datura-tipped darts
Armour
 b - a +0 leather armour
 c - a +0 helmet
 r - a +2 helmet (worn)
 u - a +0 cloak (worn)
 v - a +0 plate armour (worn)
Magical Staves
 B - a staff of fire
Jewellery
 w - a ring of willpower (left claw)
 F - a +4 ring of slaying (right claw)
 J - an amulet of regeneration
Wands
 I - a wand of roots (5)
Scrolls
 h - 3 scrolls of blinking
 k - 4 scrolls of enchant weapon
 o - 3 scrolls of poison {unknown}
 p - 3 scrolls of butterflies
 s - a scroll of noise {unknown}
 y - a scroll of summoning {unknown}
 A - 2 scrolls of teleportation {unknown}
Potions
 i - a potion of lignification
 l - 3 potions of heal wounds
 m - a potion of flight
 n - 4 potions of curing
 C - 2 potions of might
 D - a potion of ambrosia
 G - a potion of brilliance {unknown}


   Skills:
 + Level 4.3 Fighting
 + Level 5.4(5.5) Axes
 + Level 1.3(3.6) Polearms
 + Level 3.1 Ranged Weapons
 + Level 2.3 Throwing
 + Level 3.9 Armour
 + Level 3.2 Dodging


You had 7 spell levels left.
You didn't know any spells.
Your spell library contained the following spells:

 Spells                   Type           Power      Damage    Failure   Level
 Sandblast                Erth           0%         2d4       100%        1
 Summon Small Mammal      Summ           0%         N/A       100%        1
 Passwall                 Tmut/Erth      0%         N/A       100%        2
 Call Canine Familiar     Summ           0%         N/A       100%        3
 Confusing Touch          Hex            0%         N/A       100%        3
 Stone Arrow              Conj/Erth      0%         3d7       100%        3
 Summon Guardian Golem    Hex/Summ       0%         N/A       100%        3
 Yara's Violent Unravell  Hex/Tmut       0%         3d3       100%        5
 Enfeeble                 Hex            0%         N/A       100%        7


Dungeon Overview and Level Annotations

Branches:
Dungeon (5/15)
 Temple: D:4-7

Altars:
Ru
Wu Jian

Shops:
D:1 (   D:5 [


Innate Abilities, Weirdness & Mutations

You have sharp fingernails.
You sometimes emit foul miasma when damaged in melee.
You are partially covered in razor-sharp scales. (AC +1, Slay +1)


Message History

You closely miss the hound. The hound bites you. The hound barely misses you.
You hit the hound.
The hound is poisoned.
The hound is lightly wounded.
The hound bites you. The hound bites you but does no damage.
You hit the hound.
The hound looks as sick as possible!
The hound is heavily wounded.
The hound bites you but does no damage. x2
You slash the hound!
The hound looks as sick as possible!
The hound is almost dead.
You kill the hound!
You have reached level 8!
You feel clever.
Okay, then.
Unknown command.
Unknown command.
A hound comes into view.
The hound barks!
You see here 13 gold pieces.
You see here 13 gold pieces.
You now have 225 gold pieces (gained 13).
You miss the hound. The hound bites you but does no damage.
An ogre comes into view. It is wielding a +0 giant spiked club.
The hound bites you but does no damage.
You barely miss the hound.
The ogre shouts!
The hound barely misses you.
You hit the hound.
The hound is poisoned.
The hound is lightly wounded.
The hound bites you but does no damage. x2
You slash the hound!
You kill the hound!
You see here a hound corpse.
You slash the ogre!
The ogre is poisoned.
The ogre is heavily wounded.
The ogre hits you with a +0 giant spiked club!
* * * LOW HITPOINT WARNING * * *
You barely miss the ogre.
The ogre is heavily wounded.
The ogre hits you with a +0 giant spiked club!
You die...

.......#......# .......
...<.........## ......
..........)).## .....
..............## #.....
..........<....###......
.#.........#...#........
##.........##....†......
##..........##.#........
#........... ###@.......
. ..............O......
. ........)............
. ............###.....#
.. #..... .....# ......
#.#.## ..... .#... .....
.. ..


You could see an ogre (very poisoned).

Vanquished Creatures
  Sigmund (D:3)
  An ice beast (D:4)
  The ghost of gregwegmann the Chopper, an amateur HOMo (D:2)
  A wyvern zombie (D:3)
  2 scorpions (D:4)
  3 hounds
  3 orc priests
  Crazy Yiuf (D:3)
  An iguana (D:5)
  2 orc wizards
  Robin (D:3)
  10 gnolls
  A howler monkey skeleton (D:3)
  4 adders
  A worm (D:2)
  2 dart slugs
  7 orcs
  3 ball pythons
  7 endoplasms
  3 giant cockroaches
  6 hobgoblins
  9 jackals
  5 kobolds
  2 bats (D:3)
  6 frilled lizards
  18 goblins
  5 rats
106 creatures vanquished.

Notes
Turn   | Place    | Note
-------+----------+-------------------------------------------
     0 | D:1      | jlumianski the Demonspawn Gladiator began the quest for the
                  | Orb.
     0 | D:1      | Reached XP level 1. HP: 16/16 MP: 1/1
   291 | D:1      | Found Zosiffox's Antique Weapon Shoppe.
   418 | D:1      | Gained mutation: You may rarely emit foul miasma when
                  | damaged in melee. [demonic ancestry]
   418 | D:1      | Reached XP level 2. HP: 22/22 MP: 2/2
   610 | D:2      | Identified the +5 spear "Bogamneu" {flame, rC+ Int+2
                  | Stlth+}
   751 | D:1      | Reached skill level 3 in Axes
  1297 | D:2      | Reached XP level 3. HP: 27/27 MP: 3/3
  1996 | D:2      | Found a faded altar of an unknown god.
  2104 | D:2      | Reached skill level 1 in Armour
  2122 | D:2      | Reached XP level 4. HP: 33/33 MP: 4/4
  2395 | D:3      | Noticed Sigmund
  2405 | D:3      | Killed Sigmund
  2406 | D:3      | Reached skill level 4 in Axes
  2406 | D:3      | Gained mutation: You have sharp fingernails. [demonic
                  | ancestry]
  2406 | D:3      | Reached XP level 5. HP: 40/40 MP: 5/5
  2427 | D:3      | Identified a scroll of acquirement
  2428 | D:3      | Acquired a +2 arbalest of freezing
  2465 | D:3      | Gained mutation: You are partially covered in razor-sharp
                  | scales. (AC +1, Slay +1) [demonic ancestry]
  2465 | D:3      | Reached XP level 6. HP: 31/46 MP: 6/6
  2786 | D:3      | Noticed Robin
  2810 | D:3      | Killed Robin
  3077 | D:3      | Found a runed translucent door.
  3078 | D:3      | Noticed Crazy Yiuf
  3243 | D:3      | Found an ornate altar of the Wu Jian Council.
  3258 | D:4      | Reached skill level 1 in Ranged Weapons
  3570 | D:3      | Found a runed translucent gate.
  3572 | D:3      | Found a runed translucent gate.
  3573 | D:3      | Found a runed translucent gate.
  3579 | D:3      | Noticed gregwegmann's ghost (amateur HOMo)
  3637 | D:2      | Killed gregwegmann's ghost
  3732 | D:3      | Gained mutation: You sometimes emit foul miasma when
                  | damaged in melee. [demonic ancestry]
  3732 | D:3      | Reached XP level 7. HP: 50/52 MP: 7/7
  3879 | D:3      | Killed Crazy Yiuf
  3957 | D:4      | Reached skill level 5 in Axes
  4203 | D:4      | Found a sacrificial altar of Ru.
  4519 | D:4      | Upgraded the game from 0.30-a0-49-g1cef19eb02 to
                  | 0.30-a0-50-gb2d611f6b1
  4539 | D:5      | Entered Level 5 of the Dungeon
  4539 | D:5      | Found Garymykk's Armour Shoppe.
  4603 | D:4      | Reached skill level 1 in Polearms
  4653 | D:5      | Reached XP level 8. HP: 20/60 MP: 8/8
  4663 | D:5      | Mangled by an ogre

Illustrated notes

Levels and vault maps discovered:
D:1:      mrwooster_arrival_statue, layout_loops_corners, serial_shops, shop,
          minivault_26
D:2:      layout_loops_ring, chequers_ecumenical_altar_grove
D:3:      kennysheep_goblin_castle, layout_basic,
          nicolae_wu_jian_immortal_techniques, gammafunk_ghost_necromancy,
          grunt_ministairs_9, dreamdust_princess_corridor,
          kennysheep_generic_room_8, uniq_sigmund, uniq_crazy_yiuf_cottage
D:4:      layout_rooms, old_standard_altar
D:5:      minmay_opposing_rooms, layout_cave_pools, serial_shops, shop

Skill      XL: |  1  2  3  4  5  6  7 |
---------------+----------------------+-----
Throwing       | 2 |  2.3
Axes           | 3 4 5 |  5.4
Armour         | 1 2 3 |  3.9
Dodging        | 3 |  3.2
Fighting       | 3 4 |  4.3
Ranged Weapons | 1 3 |  3.1
Polearms       | 1 |  1.3

Action                   |  1- 3 |  4- 6 |  7- 9 || total
-------------------------+-------+-------+-------++-------
Melee: War axe           |    16 |    49 |    37 ||   102
       Hand axe          |    82 |    15 |       ||    97
       Spear             |       |     7 |    14 ||    21
       Punch             |       |     4 |     1 ||     5
 Fire: Arbalest          |       |    40 |    17 ||    57
Throw: Boomerang         |       |     1 |       ||     1
  Use: Potion            |       |     2 |       ||     2
       Scroll            |       |     7 |     3 ||    10
 Stab: Sleeping          |     4 |       |       ||     4
Armor: Leather armour    |    24 |       |       ||    24
       Plate armour      |    11 |   102 |    45 ||   158
Dodge: Dodged            |    44 |    56 |    16 ||   116

Table legend: (Time is in decaauts)
 A = Elapsed time spent in this place.
 B = Non-inter-level travel time spent in this place.
 C = Inter-level travel time spent in this place.
 D = Time resting spent in this place.
 E = Time spent auto-exploring this place.
 F = Levels seen in this place.
 G = Mean time per level.
                   A        B        C        D        E       F      G
               +--------+--------+--------+--------+--------+-----+--------+
         Total |   4783 |   4690 |     93 |    252 |   3018 |   5 |  956.6 |
       Dungeon |   4783 |   4690 |     93 |    252 |   3018 |   5 |  956.6 |
               +--------+--------+--------+--------+--------+-----+--------+

Top non-repeatable levels by time:
     D:3: 1548 daAuts
     D:2: 1318 daAuts
     D:1: 1043 daAuts
     D:4: 770 daAuts
     D:5: 102 daAuts
